 Dungeon Crawl Stone Soup version 0.27.1-34-g3ba077fa99 (webtiles) character file.

Game seed: 11412471041193473342

871 Vylera the Chopper (level 8, -3/54 HPs)
             Began as an Octopode Monk on Jan 2, 2022.
             Was a Priest of Sif Muna.
             Slain by an orc wizard (4 damage)
             ... on level 5 of the Dungeon.
             The game lasted 00:11:55 (4511 turns).

Vylera the Chopper (Octopode Monk)                  Turns: 4511, Time: 00:11:56

Health: -3/54      AC:  3    Str: 10    XL:     8   Next: 3%
Magic:  10/10      EV: 14    Int: 14    God:    Sif Muna [***...]
Gold:   117        SH:  0    Dex: 15    Spells: 9/10 levels left

rFire    . . .     SeeInvis .   a - +0 hand axe
rCold    . . .     Faith    .   (no shield)
rNeg     . . .     Spirit   .   n - +2 hat
rPois    .         Reflect  .   (no amulet)
rElec    .         Harm     .   k - +4 ring of slaying
rCorr    +         Rampage  .   q - ring of resist corrosion
Will     .....                  (no ring)
Stlth    ++........             (no ring)
HPRegen  0.18/turn              (no ring)
MPRegen  0.12/turn              (no ring)
                                (no ring)
                                (no ring)

@: confused, flying
A: almost no armour, amphibious, 8 rings, camouflage 1, gelatinous body 1,
(nimble swimmer 1), tentacles
a: Renounce Religion, Channel Magic, Forget Spell


You were on level 5 of the Dungeon.
You worshipped Sif Muna.
Sif Muna was most pleased with you.
You visited 1 branch of the dungeon, and saw 5 of its levels.

You collected 117 gold pieces.

Inventory:

Hand Weapons
 a - a +0 hand axe (weapon)
 u - a +3 quarterstaff of chaos
Missiles
 c - 27 sling bullets
 d - 9 boomerangs (quivered)
Armour
 n - a +2 hat (worn)
Jewellery
 k - a +4 ring of slaying (left tentacle)
 q - a ring of resist corrosion (right tentacle)
Scrolls
 b - 2 scrolls of teleportation {unknown}
 g - 2 scrolls of identify {unknown}
 i - a scroll of noise {unknown}
 l - a scroll of vulnerability {unknown}
 p - a scroll of immolation {unknown}
 t - a scroll of amnesia {unknown}
 v - a scroll of magic mapping {unknown}
 w - a scroll of fog {unknown}
Potions
 e - a potion of magic {unknown}
 f - a potion of flight
 h - a potion of might {unknown}
 j - a potion of brilliance {unknown}
 m - a potion of attraction {unknown}
 o - a potion of berserk rage {unknown}
 r - a potion of curing {unknown}
 s - a potion of invisibility {unknown}


   Skills:
 + Level 4.8 Fighting
 * Level 6.2 Axes
 - Level 3.0 Dodging
 - Level 4.7 Stealth
 + Level 1.9 Spellcasting
 + Level 2.2 Transmutations
 + Level 2.6 Poison Magic
 + Level 2.4 Invocations


You had 9 spell levels left.
You knew the following spells:

 Your Spells              Type           Power      Damage    Failure   Level
a - Sting                 Tmut/Pois      32%        1d4       9%          1

Your spell library contained the following spells:

 Spells                   Type           Power      Damage    Failure   Level
 Poisonous Vapours        Pois/Air       10%        N/A       22%         2
 Gell's Gravitas          Tloc           0%         N/A       58%         3
 Lesser Beckoning         Tloc           0%         N/A       58%         3
 Teleport Other           Tloc           1%         N/A       58%         3
 Olgreb's Toxic Radiance  Pois           8%         N/A       61%         4


Dungeon Overview and Level Annotations

Branches:
Dungeon (5/15)
 Temple: D:4-7

Altars:
Elyvilon
Gozag
Hepliaklqana
Sif Muna
Beogh

Shops:
D:2 *

Annotations:
D:3 3 runed translucent doors, Ironcache's ghost, amateur DjSu


Innate Abilities, Weirdness & Mutations

You cannot wear most types of armour.
You are amphibious.
You can wear up to eight rings at the same time.
Your skin changes colour to match your surroundings (Stealth+).
Your rubbery body absorbs attacks. (AC +1, EV +1)
((You are camouflaged near water. (Stealth+)))
You have tentacles for arms and can constrict up to eight enemies at once.


Message History

You hit something but do no damage. You squeeze something!
You hear some strange, mumbled words.
You are confused.
You hear some strange, mumbled words.
You are more confused.
The orc priest hits you with a +0 hand axe.
You hit the orc priest. You freeze the orc priest.
Your squeeze misses the orc priest.
The orc priest is heavily wounded.
Something hits you but does no damage. The orc priest barely misses you.
You're too confused to move!
Something completely misses you. Something hits you.
The orc priest mumbles some strange prayers to Beogh against you.
Beogh smites you!
Unknown command.
You sock the orc priest! You burn the orc priest.
You kill the orc priest!
Sif Muna accepts your kill. Something barely misses you. Something hits you.
* * * LOW HITPOINT WARNING * * *
Something barely misses you. Something hits you.
* * * LOW HITPOINT WARNING * * *
Something hits you.
* * * LOW HITPOINT WARNING * * *
Things that are here:
a +0 hand axe; 2 blue potions; an orc corpse You miss something.
You squeeze something. Something hits you.
* * * LOW HITPOINT WARNING * * *
Something hits you.
* * * LOW HITPOINT WARNING * * *
a - a +0 hand axe (weapon)
You hear some strange, mumbled words.
A puff of flame appears from out of thin air!
The puff of flame hits you.
* * * LOW HITPOINT WARNING * * *
Unknown command.
It was a potion of flight.
You feel very buoyant.
You fly up into the air.
Something hits you.
You die...

...##....[.#...>......#.
#........#.<..##.........
.........#....###........
#.............^.#........
.#...............#.####<##
....[.....)....##..........#####
........##...........>..##...#
...........(.....{...#...#..##
.........#......@{..###......#
....o...###.....##.## ###..###
.........#.......)## #...#
....†....#........# #...#
............##....# ##.##
............####### ###
...........## ........####
..#...###


There were no monsters in sight!

Vanquished Creatures
  Sigmund (D:4)
  Menkaure (D:4)
  A necrophage (D:4)
  An ogre (D:3)
  2 scorpions
  Crazy Yiuf (D:4)
  A centaur skeleton (D:4)
  2 orc priests
  An iguana (D:4)
  3 gnolls (D:4)
  6 adders
  2 ufetubi
  A dart slug (D:1)
  6 orcs
  5 endoplasms
  3 giant cockroaches
  3 goblins
  7 hobgoblins
  2 jackals (D:1)
  6 kobolds
  A quokka (D:4)
  11 ball pythons
  2 bats
  5 frilled lizards
  3 rats
  A spectral kobold (D:3)
78 creatures vanquished.

Vanquished Creatures (others)
  2 fungi (D:4)
  A plant (D:1)
3 creatures vanquished.

Grand Total: 81 creatures vanquished

Notes
Turn   | Place    | Note
-------+----------+-------------------------------------------
     0 | D:1      | Vylera the Octopode Monk began the quest for the Orb.
     0 | D:1      | Reached XP level 1. HP: 16/16 MP: 1/1
   104 | D:1      | Found Kostruha's Jewellery Emporium.
   157 | D:1      | Reached XP level 2. HP: 16/21 MP: 2/2
   717 | D:2      | Reached XP level 3. HP: 26/26 MP: 3/3
  1475 | D:2      | You fall into a shaft and drop 2 floors!
  1476 | D:4      | Found a white marble altar of Elyvilon.
  1540 | D:4      | Noticed a necrophage
  1553 | D:4      | Noticed an ogre
  1591 | D:4      | Noticed Menkaure
  1675 | D:3      | Learned a level 1 spell: Sting
  1691 | D:3      | Reached skill level 4 in Axes
  1691 | D:3      | Reached XP level 4. HP: 31/31 MP: 4/4
  2053 | D:3      | Found a runed translucent gate.
  2053 | D:3      | Found a runed translucent gate.
  2055 | D:3      | Found a runed translucent gate.
  2057 | D:3      | Noticed Ironcache's ghost (amateur DjSu)
  2058 | D:3      | Identified the +8 chain mail of an ice cave {Int+3 SInv}
  2202 | D:2      | Found Paompoat's General Store.
  2243 | D:2      | Reached XP level 5. HP: 37/37 MP: 5/5
  2515 | D:2      | Found a faded altar of an unknown god.
  2529 | D:2      | Became a worshipper of Sif Muna the Loreminder
  2529 | D:2      | Reached * piety under Sif Muna
  2529 | D:2      | Reached ** piety under Sif Muna
  2664 | D:3      | Found an opulent altar of Gozag.
  2743 | D:3      | You fall into a shaft and drop 1 floor!
  2763 | D:4      | Noticed Sigmund
  2804 | D:3      | Killed an ogre
  2917 | D:3      | Found a hazy altar of Hepliaklqana.
  3205 | D:3      | Reached skill level 5 in Axes
  3339 | D:4      | Killed a necrophage
  3340 | D:4      | Reached XP level 6. HP: 39/43 MP: 6/6
  3345 | D:4      | Reached *** piety under Sif Muna
  3379 | D:4      | Reached skill level 1 in Transmutations
  3379 | D:4      | Reached skill level 1 in Poison Magic
  3379 | D:4      | Reached skill level 1 in Invocations
  3754 | D:4      | Killed Sigmund
  3755 | D:4      | Reached skill level 1 in Spellcasting
  3755 | D:4      | Reached XP level 7. HP: 42/49 MP: 8/8
  3761 | D:4      | Killed Menkaure
  3970 | D:4      | Found a runed translucent door.
  3971 | D:4      | Noticed Crazy Yiuf
  3981 | D:4      | HP: 1/48 [Crazy Yiuf (4)]
  3982 | D:4      | Killed Crazy Yiuf
  4336 | D:4      | Reached skill level 6 in Axes
  4400 | D:5      | Entered Level 5 of the Dungeon
  4503 | D:5      | Reached XP level 8. HP: 36/54 MP: 10/10
  4510 | D:5      | HP: 1/54 [something/puff of flame (4)]
  4511 | D:5      | Slain by an orc wizard

Illustrated notes

Levels and vault maps discovered:
D:1:      nicolae_arrival_memento_mori, layout_basic, serial_shops,
          nicolae_shop_crystal, serial_forest, infiniplex_forest_lined_2,
          infiniplex_forest_pool, infiniplex_forest_zigzag_2,
          infiniplex_forest_clump_curved, infiniplex_forest_end_2,
          infiniplex_forest_corner_1
D:2:      layout_basic, hellmonk_ecumenical_altar_zigzags, serial_shops, shop,
          minmay_misc_feat_encased
D:3:      layout_basic, nicolae_hepliaklqana_monster_ancestors,
          mainiacjoe_overflow_paths, biasface_ghost_orc_armoury,
          minmay_misc_feat_pillars
D:4:      layout_rooms, mainiacjoe_overflow_24_doors, uniq_menkaure,
          uniq_crazy_yiuf_cottage, uniq_sigmund
D:5:      layout_cave_pools, minmay_temple_entry_hall, serial_shops, shop_statue

Skill      XL: |  1  2  3  4  5  6  7 |
---------------+----------------------+-----
Stealth        | 3 4 |  4.7
Axes           | 4 5 6 |  6.2
Fighting       | 4 |  4.8
Transmutations | 1 2 |  2.2
Poison Magic   | 1 2 |  2.6
Invocations    | 1 2 |  2.4
Spellcasting   | 1 |  1.9
Dodging        | |  3.0

Action                   |  1- 3 |  4- 6 |  7- 9 || total
-------------------------+-------+-------+-------++-------
Melee: Hand axe          |    63 |    78 |    11 ||   152
       Constrict         |    15 |    16 |     6 ||    37
       Tentacles         |     9 |    15 |     7 ||    31
       Quarterstaff      |       |       |    15 ||    15
  Use: Potion            |       |       |     1 ||     1
 Stab: Sleeping          |     7 |     9 |     3 ||    19
       Distracted        |     1 |     1 |       ||     2
       Invisible         |       |       |     3 ||     3
Armor: Skin              |     4 |     8 |     2 ||    14
Dodge: Dodged            |    43 |    46 |    16 ||   105
